 Dungeon Crawl Stone Soup version 0.29-a0-352-g0917bc69df (webtiles) character file.

Game seed: 4628909527365622110

72 bande the Covered (level 4, -3/29 HPs)
             Began as a Gargoyle Fighter on Apr 24, 2022.
             Splashed by a jelly's acid (9 damage)
             ... on level 2 of the Dungeon.
             The game lasted 00:02:02 (1552 turns).

bande the Covered (Gargoyle Fighter)                Turns: 1552, Time: 00:02:03

Health: -3/29      AC:  3    Str: 19    XL:     4   Next: 25%
Magic:  4/4        EV:  5    Int:  9    God:
Gold:   88         SH:  4    Dex: 11    Spells: 3/3 levels left

rFire   . . .      SeeInvis .   a - +0 war axe
rCold   . . .      Faith    .   c - +0 buckler
rNeg    + . .      Spirit   .   h - +0 plate armour
rPois   ∞          Reflect  .   (no helmet)
rElec   +          Harm     .   (no cloak)
rCorr   .          Rampage  .   (no gloves)
Will    +....                   (no boots)
Stlth   ..........              (no amulet)
HPRegen 0.09/turn               n - ring of willpower
MPRegen 0.09/turn               (no ring)

@: corroded
A: sickness immunity, AC +3, negative energy resistance 1, electricity
resistance, torment resistance 1, petrification resistance
a: no special abilities


You were on level 2 of the Dungeon.
You visited 1 branch of the dungeon, and saw 2 of its levels.

You collected 88 gold pieces.

Inventory:

Hand Weapons
 a - a +0 war axe (weapon)
Armour
 c - a +0 buckler (worn)
 h - a +0 plate armour (worn)
Jewellery
 n - a ring of willpower (left hand)
Scrolls
 g - a scroll of teleportation
Potions
 b - a potion of flight
 d - a potion of might
 e - a potion of invisibility
 f - 4 potions of curing
 i - a potion of brilliance
 k - a potion of lignification {unknown}
 m - a potion of heal wounds {unknown}


   Skills:
 + Level 3.7 Fighting
 + Level 2.5 Axes
 + Level 4.0 Armour
 + Level 3.9 Shields


You had 3 spell levels left.
You didn't know any spells.
Your spell library was empty.

Dungeon Overview and Level Annotations

Branches:
Dungeon (2/15)

Altars:


Innate Abilities, Weirdness & Mutations

You are immune to sickness and miasma.
Your stone body is resilient. (AC +3)
You are immune to poison.
You resist negative energy. (rN+)
You are resistant to electric shocks. (rElec)
You are resistant to unholy torment.
You are immune to petrification.


Message History

The endoplasm hits you but does no damage.
The endoplasm barely misses you.
There is an open door here.
You slash the endoplasm!
You kill the endoplasm!
The endoplasm hits you but does no damage.
You slash the endoplasm!
You kill the endoplasm!
You hit the endoplasm but do no damage.
Something hits the fungus.
The fungus begins to die.
You slash the jelly!
Your hands burn!
The jelly is heavily wounded.
Something hits the fungus.
The endoplasm jiggles.
The jelly barely misses you.
You hit the jelly.
Your hands burn!
The jelly is severely wounded.
Something hits the fungus.
The jelly barely misses you.
You hit the jelly but do no damage. The acid corrodes you!
Your hands burn!
The jelly is severely wounded.
A nearby fungus withers and dies.
You block the jelly's attack. x2
You completely miss the jelly.
The jelly is severely wounded.
The jelly barely misses you.
You hit the jelly.
You kill the jelly!
The jelly hits you but does no damage.
Your Armour skill increases to level 4!
You have reached level 4!
You feel clever.
You hit the jelly but do no damage. The acid corrodes you!
Your hands burn!
You block the jelly's attack.
You hit the jelly but do no damage.
Your hands burn!
The jelly hits you but does no damage. x2
You hit the jelly but do no damage.
Your hands burn!
* * * LOW HITPOINT WARNING * * *
The jelly hits you.
* * * LOW HITPOINT WARNING * * *
The acid corrodes you!
You are splashed with acid!
You die...

##.....##
#....#..
#.......#
#.......
#.......#
#.......
#.......#
##......
#.......#
#......
####....#
##.####
##..'....#
#.#
#.########
#..
##...).@##
#..
#######J#
#..
÷P.P.P.JJ#
.P.J.÷...#
...JJP.÷÷#
.J.J.PJ.÷#
.PJ....÷.#
$P.......#
##########


You could see a jelly and 2 endoplasms.

Vanquished Creatures
  A jelly (D:2)
  2 dart slugs (D:1)
  3 ball pythons
  6 endoplasms
  A giant cockroach (D:1)
  3 goblins (D:1)
  3 hobgoblins (D:1)
  A quokka (D:1)
  2 bats
  10 kobolds
  3 rats
35 creatures vanquished.

Vanquished Creatures (others)
  6 fungi (D:2)
  3 toadstools (D:2)
9 creatures vanquished.

Grand Total: 44 creatures vanquished

Notes
Turn   | Place    | Note
-------+----------+-------------------------------------------
     0 | D:1      | bande the Gargoyle Fighter began the quest for the Orb.
     0 | D:1      | Reached XP level 1. HP: 14/14 MP: 1/1
   132 | D:1      | Reached XP level 2. HP: 15/19 MP: 2/2
   438 | D:1      | Found a faded altar of an unknown god.
   662 | D:1      | Reached XP level 3. HP: 23/23 MP: 3/3
  1550 | D:2      | Reached skill level 4 in Armour
  1550 | D:2      | Reached XP level 4. HP: 19/29 MP: 4/4
  1552 | D:2      | Splashed by a jelly's acid

Illustrated notes

Levels and vault maps discovered:
D:1:      lemuel_arrival_lava_pool, layout_basic,
          shapermc_ecumenical_altar_totnotflames, serial_glass, glass_columns_a,
          glass_columns_b, glass_columns_a, glass_columns_a
D:2:      cheibrodos_fertilizer, layout_basic, minivault_19,
          kennysheep_flooded_box

Skill      XL: |  1  2  3 |
---------------+----------+-----
Axes           | 2 |  2.5
Armour         | 4 |  4.0
Fighting       | |  3.7
Shields        | |  3.9

Action                   |  1- 3 |  4- 6 || total
-------------------------+-------+-------++-------
Melee: War axe           |    71 |     3 ||    74
  Use: Scroll            |     7 |       ||     7
Armor: Scale mail        |     4 |       ||     4
       Plate armour      |    49 |     2 ||    51
Dodge: Dodged            |    24 |       ||    24
Block: Buckler           |    19 |     1 ||    20

Table legend: (Time is in decaauts)
 A = Elapsed time spent in this place.
 B = Non-inter-level travel time spent in this place.
 C = Inter-level travel time spent in this place.
 D = Time resting spent in this place.
 E = Time spent auto-exploring this place.
 F = Levels seen in this place.
 G = Mean time per level.
                   A        B        C        D        E       F      G
               +--------+--------+--------+--------+--------+-----+--------+
         Total |   1583 |   1583 |      0 |    304 |   1005 |   2 |  791.5 |
       Dungeon |   1583 |   1583 |      0 |    304 |   1005 |   2 |  791.5 |
               +--------+--------+--------+--------+--------+-----+--------+

Top non-repeatable levels by time:
     D:1: 898 daAuts
     D:2: 684 daAuts
